[Event "44th Chess Olympiad Open 2022"]
[Site "Chennai"]
[Date "2022.08.07"]
[Round "9.3"]
[White "Tabatabaei, M. Amin"]
[Black "Van Foreest, Jorden"]
[Result "1/2-1/2"]
[WhiteElo "2664"]
[BlackElo "2678"]
[Annotator "TA"]
[PlyCount "217"]
[EventDate "2022.??.??"]
[TimeControl "60"]

1. Nf3 d5 2. d4 c5 3. c4 e6 4. cxd5 exd5 5. g3 Nf6 6. Bg2 Nc6 7. O-O Be7 8. dxc5 Bxc5 9.
a3 Ne4 10. b4 Be7 11. Bb2 Bf6 12. Bxf6 Qxf6 13. Qxd5 Be6 14. Qxe4 Qxa1 15. b5 Nd8 16. Qb4 Qf6 17. Nc3 Qe7 18. Nd4 Rc8 19. Ne4 Qxb4 20. axb4 Rc7 21. Ra1 Ke7 22. Nc5 b6 23. Nd3 Kf6 24. f4 Re8 25. Ne5 Bd7 26. Ndc6 Bxc6 27. bxc6 b5 28. Nd7+ Ke7 29. Nb8 Ne6 30. Na6 Rcc8 31. Kf2 Red8 32. Ra5 Rd2 33. Ke3 Rb2 34. f5 Rb3+ 35. Kf2 Nd4 36. Nc5 Rxb4 37. Rxa7+ Ke8 $1 38. Bd5 Rxc6 39.
Bxf7+ Kf8 40. Ne6+ Nxe6 41. Bxe6 Rc2 42. Rf7+ Ke8 43. Rxg7 Re4 44. Kf3 Rexe2 45. Rxh7 Rxh2 46. Rb7 Rc3+ 47. Kf4 Rf2+ 48. Ke5 Rxg3 49. Rb8+ Ke7 50. f6+ Rxf6 51. Rb7+ Kd8 52. Kxf6 Rd3 $1 53. Ke5 Ra3 54. Rd7+ Ke8 55. Rh7 Kd8 56. Bd5 Ra6 $1 57. Rb7 b4 58. Be6 Rc6 59. Rxb4 Rc7 60. Kf6 Rc6 61. Rb7 Rd6 62. Ke5 Rc6 63. Rd7+ Kc8 $1 64. Rh7+ Kd8 65. Rh8+ Ke7 66. Bd5 Rc7 67. Rh6 Rd7 68. Bc6 Rc7 69. Re6+ Kf8 70. Kd6 Rf7 71. Re8+ Kg7 72. Bd5 Rf8 73. Re1 Kf6 74. Be6 Rd8+ 75. Bd7 Rf8 76. Rg1 Rf7 77. Rf1+ Kg7 78. Bf5 Kf8 79. Rf2 Rf6+ 80. Ke5 Ke7 81. Rc2 Rf7 82. Rc6 Rg7 83. Re6+ Kd8 84. Kf6 Rb7 85. Rc6 Rf7+ $1 86. Ke5 Rc7 87. Rh6 Ke7 88. Be4 Rc5+ 89. Bd5 Rc7 90. Bc6 Kd8 91. Rd6+ Ke7 92. Re6+ Kf8 93. Kd6 Rf7 94. Bd5 Kg7 95. Re1 Rf5 96. Ke6 Rg5 97. Be4 Kh6 98. Bf5 Rg3 99. Kf6 Rg6+ 100. Ke5 Rg2 101. Be4 Rg7 102. Kf4 Rf7+ 103. Bf5 Kg7 104. Ke5 Kf8 105. Be6 Rg7 106. Rh1 Ke7 107. Rh5 Kf8 108. Kf6 Rf7+ 109. Bxf7 1/2-1/2

[Event "44th Chess Olympiad Open 2022"]
[Site "Chennai"]
[Date "2022.08.07"]
[Round "9.3"]
[White "Bok, Benjamin"]
[Black "Idani, Pouya"]
[Result "1/2-1/2"]
[WhiteElo "2616"]
[BlackElo "2641"]
[Annotator "TA"]
[PlyCount "61"]
[EventDate "2022.??.??"]
[TimeControl "60"]

1. d4 Nf6 2. c4 e6 3. Nf3 d5 4. Nc3 h6 5. Bf4 Bd6 6. Bxd6 {[%emt 0:00:06] D37:
Queen's Gambit Declined: 5 Bf4.} Qxd6 $1 {[%emt 0:00:03] 6...Qxd6 is better
than 6...cxd6.} 7. e3 O-O 8. Rc1 {[%emt 0:00:
00] White is slightly better.} b6 9. cxd5 Nxd5 10. Nxd5 {[%emt 0:00:11] [#]} exd5 $146 ({Predecessor:} 10... Qxd5 11. a3 Qd6 12. Qc2 c6 13. Qe4 Qd5 14. Bd3 Qxe4 15.
Bxe4 Bb7 16. Ne5 f6 {½-½ (49) Ding,L (2791)-Carlsen,M (2862) chess24.com INT
2020}) 11. Qc2 c6 12. Bd3 Be6 13. O-O Rc8 14. Ne5 Nd7 (14... c5 $1 $11) 15. Nxd7 {[%emt 0:21:06]
0x0.001f24fa8b16dp-1022s more active pieces.} (15. Nxc6 $14 a6 {[#]} 16. Bxa6
$1 Rxc6 17. Qxc6 Qxc6 18. Rxc6 Rxa6 19. Ra1) 15... Bxd7 $11 {[%emt 0:05:48]
The position is equal.} 16. Rfd1 Be6 17. Bh7+ Kh8 18. Bf5 c5 19. Bxe6 fxe6 20. dxc5 Rxc5 21. Qa4 a5 22. h3 e5 23. Rc2 Rac8 24. Rcd2 Rc1 25. Qb3 d4 26. exd4 exd4 27. Qd3 Rxd1+ 28. Rxd1 Re8 29. g3 Qd5 30. b3 b5 31. h4 {[%emt 0:00:49]
Weighted Error Value: White=0.06 (flawless) /Black=0.08 (flawless)} 1/2-1/2

[Event "44th Chess Olympiad Open 2022"]
[Site "Chennai"]
[Date "2022.08.07"]
[Round "9.3"]
[White "Mousavi, Seyed Khalil"]
[Black "Warmerdam, Max"]
[Result "1/2-1/2"]
[WhiteElo "2537"]
[BlackElo "2610"]
[Annotator "TA"]
[PlyCount "79"]
[EventDate "2022.??.??"]
[TimeControl "60"]

1. e4 c5 2.
Nf3 d6 3. d4 cxd4 4. Nxd4 Nf6 5. Nc3 a6 6. Bg5 Nc6 7. Qd2 e6 8. O-O-O Bd7 9. f4 Be7 10. Nf3 b5 11. Bxf6 gxf6 12. f5 h5 {[%emt 0:07:32] B69: Sicilian: Richter-Rauzer:
7...a6 8 0-0-0 Bd7 9 f4 Be7 10 Nf3 b5 11 Bxf6.} 13. Kb1 Ne5 {
[%emt 0:00:33] [#]} 14. Ne2 $146 ({
Predecessor:} 14. fxe6 fxe6 15. Ne2 Qb6 16. Nf4 Nxf3 17. gxf3 Kf7 18. Bh3 Rag8
19. Rhe1 Bc8 20. a3 {0-1 (54) Kokarev,D (2605) -Hayrapetyan,H (2434) Moscow
2019}) 14... Nc4 {[%emt 0:01:20] White is slightly better.} 15. Qe1 Qa5 16. Qxa5 (16. fxe6 {looks
sharper.} fxe6 17. c3 Qa4 18. b3) 16... Nxa5 17. Nf4 Nb7 18. g3 Nc5 19. Bg2 Rc8 20.
Rhe1 Bc6 21. Nh4 {[%emt 0:06:17][%cal Yf3h4,
Yh4g2,Yg2e3] White is more active.} e5 22. Nd5 Bd8 23. Bf3 Na4 24. Ng2 {
[%emt 0:03:09] Pair of Knights!} Kd7 25. Nge3 Nb6 26. h3 Bb7 27. Rd3 Nxd5 28. Nxd5 Rc5 29. Red1 {[%emt 0:01:55][%cal Yd5f6] Hoping for Nxf6+!} Bxd5 30. Rxd5 Rxd5 31. Rxd5 $11 {[%emt 0:
00:50] Endgame KRB-KRB} Kc6 32. c3 Bb6 33. Kc2 Bf2 34. g4 hxg4 35. Bxg4 a5 36.
a4 Bc5 $1 37. axb5+ Kxb5 38. Rd1 Kc6 39. Ra1 Bb6 40. Rd1 {[%emt 0:00:23] Weighted Error Value:
White=0.07 (flawless) /Black=0.05 (flawless)} 1/2-1/2

[Event "44th Chess Olympiad Open 2022"]
[Site "Chennai"]
[Date "2022.08.07"]
[Round "9.4"]
[White "Aronian, Levon"]
[Black "Theodorou, Nikolas"]
[Result "0-1"]
[WhiteElo "2775"]
[BlackElo "2575"]
[Annotator "TA"]
[PlyCount "66"]
[EventDate "2022.??.??"]
[TimeControl "60"]

1. d4 Nf6 2. c4 g6 3. Nc3 Bg7 4. e4 d6 5. Be2 O-O 6. Be3 e5 7. d5 Na6 8. h3 {[%emt 0:00:
00] E73: King's Indian: Averbakh Variation without 6...c5.} c6 9. Nf3 Nh5 10. g3 {[%emt 0:10:21] White is
slightly better.} f5 (10... cxd5 $11 {remains equal.} 11. Qxd5
(11. Nxd5 Nf6 $11) (11. exd5 f5 $11) 11... Nf6) 11. exf5 gxf5
{[%emt 0:00:08] [#]} 12. c5 $146 (12. dxc6 $16 {Threatens to
win with Qd5+.} bxc6 13. Nxe5 $1 dxe5 14. Qxd8 (14. Bxh5 Be6 $11) 14... Rxd8
15. Bxh5) ({Predecessor:} 12. Bg5 Nf6 13. Qd2 c5 14. a3 Qe8 15. Nh4 Bd7 16. Qc2
e4 17. Nd1 Kh8 18. Ne3 {0-1 (40) Studer,N (2546)-Yilmaz,M (2604) Moscow 2019})
12... f4 $11 13. gxf4 Nxf4 {[%emt 0:00:12]
Strongly threatening ...Ng2+.} (13... exf4 14. Bd4 $14) 14. Rg1 {[%emt 0:00:00]
Inhibits Ng2+.} Nxc5 15. b4 Ncd3+ 16. Bxd3 $14 Nxd3+ 17. Qxd3 Rxf3 18. dxc6 bxc6 19. O-O-O d5 {[%emt 0:13:56] Inhibits Qc4.} 20. Rxg7+ {
[%emt 0:01:39] Remove Defender} Kxg7 {[%emt 0:00:02] Really sharp!} 21. Rg1+ $1 Kh8 {[%emt 0:00:08] Hoping for ...Qe7.} 22. Bd4 $1 exd4 23. Qxf3 {[%emt 0:00:04][%cal Yf3f4] Qf4! would
kill now.} Qd6 {[%emt 0:11:52] Inhibits Qf4.} (23... dxc3 24. Qf4) 24. Rg5 $2 h6 $2 (24... dxc3 {is a self mate.} 25. Qf7) (
24... Bd7 $19 25. Nd1 (25. Qf7 $2 Qf8 $19) 25... Rf8) 25. Rg3 $1 $11 {[%emt 0:
07:04][%cal Yf3f7] aiming for Qf7!} Ba6 26. Qf7 Qf8 $36 {[%emt 0:00:00] Black is on the roll.} (26... Qe5 $2 {[#]} 27. Rg6
$1 Qg5+ 28. Rxg5 $18) 27. Qc7 {[%emt 0:00:04] Loses the game.} (27. Qxf8+ $17
Rxf8 28. Nd1) 27... Qf6 $19 ({Worse is} 27... dxc3 28. Qe5+
Kh7 29. Qc7+ Kh8 30. Qe5+ Kh7 31. Qc7+ Kh8 $11) 28. Nd1 Be2 {
[%emt 0:01:02] White must now prevent ...d3.} 29. f4 $2 (29.
b5 Re8 30. Qxc6) 29... Re8 {[%emt 0:02:36] And now ...Bxd1 would win.} 30. Qd7 Rf8 31. Rg1 d3 (31... Qxf4+ $142 32. Kc2 d3+ 33. Kb1 Qxb4+ 34. Nb2 Qd4 35. Qg7+ Qxg7 36.
Rxg7 Rf1+ 37. Nd1 Rxd1+ 38. Kb2 Kxg7 39. Kc3 d2 40. Kc2 d4 41. a4 a5 42. h4 c5
43. h5 c4 44. Kb2 c3+ 45. Kb3 Ra1 46. Kc2 d1=Q#) 32. Qxa7 Bxd1 33. Kxd1 Qb2 {[%emt 0:00:00] Weighted Error
Value: White=0.87/Black=0.46} 0-1

[Event "44th Chess Olympiad Open 2022"]
[Site "Chennai"]
[Date "2022.08.07"]
[Round "9.4"]
[White "Dominguez Perez, Leinier"]
[Black "Banikas, Hristos"]
[Result "1/2-1/2"]
[WhiteElo "2754"]
[BlackElo "2598"]
[Annotator "TA"]
[PlyCount "117"]
[EventDate "2022.??.??"]
[TimeControl "60"]

1. e4 c6 2. d4 d5 3. e5 Bf5 4. Nf3 e6 5. Be2 Nd7 6. O-O a6 7. a4 {[%emt 0:31:17] B12: Caro-Kann: Advance
Variation.} h6 8. a5 Rc8 9.
Nbd2 {[%emt 0:00:00][%cal Yb1d2,Yd2b3,Yb3d4] [#] White is slightly better.} Ne7
$146 ({Predecessor:} 9... Bh7 10. c4 dxc4 11. Nxc4 Be4 12. Be3
Bd5 13. Rc1 Bxc4 14. Bxc4 Qxa5 15. Qb3 Qb4 {1-0 (31) Zhigalko, S (2572)
-Dvirnyy,D (2488) Chess.com INT 2021}) 10. c3 c5 11. dxc5 Nxc5 12. Nb3 Nc6 13. Be3 Nd7 14. Nfd4 Nxd4 15. Nxd4 (15. Qxd4 Qc7 $11) 15... Bg6 (15... Nxe5 $2 16. Nxf5 exf5 17. Re1 $18) 16. f4 {[%emt 0:02:
14][%cal Yd4e6] Strongly threatening Nxe6!} Bc5 17. b4 Bxd4 18. Bxd4 O-O 19. Qd2 Re8 20. Qe3 Nb8 21. Rad1 Qh4 22. g3 Qh3 23. Rf2 Nc6 24. Bc5 (24. Bb6 {feels hotter.} Be4 25. Bc5 h5 26. Ra1) 24... Qf5 (24... Be4 $14) 25. Bf1 {[%emt 0:01:22] This bishop pair is
nice.} (25. g4 $1 $16 Qc2 26. Bf3) 25... Bh5 (
25... Qg4 $14 26. Re1 Be4) 26. Re1 $16 Qh7 (
26... Bg6 $16 {keeps fighting.}) 27. Rb2 (27. Bd6 $1 $18)
27... Bg6 28. Ra1 {White is more active.} Be4 29. b5 axb5 30. Rxb5 (30.
Bxb5 Qf5 $16) 30... g5 (30... Qg6 $11) 31. Ra2 (31. fxg5 $14 Nxe5 32. Be2 (32. gxh6 Nf3+ 33. Kf2 Qf5 $11)) 31... Qg7 (31... Qf5 $11) 32. Bd4 (32. fxg5 $14 Qxg5 33.
Qxg5+ (33. Rxb7 Qxe3+ 34. Bxe3 Nxe5 $16) 33... hxg5 34. Rxb7) 32... gxf4 33. Qxf4 Nxd4 34. cxd4 Re7 35. Rab2 Rcc7 36. Kf2 Qg5 ({Better is} 36... Qg6
$11) 37. h4 $14 Qxf4+ 38. gxf4 Kg7 39. Be2 Kg6 {[%emt 0:00:00] [#]} 40.
R2b3 ({White should play} 40. Rc5 $1 $16) 40... Rc2 $11 41. h5+ (41. Rxb7 $2 Rxb7 42. Rxb7 Bd3 43. h5+
Kg7 $19) 41... Kg7 (41... Kf5 $11 42. Ke3 (42. Rxb7 Rxb7 43.
Rxb7 Bd3 $17) 42... Ra2) 42. Ke3 $16 (42. Rxb7 $2 Rxb7 43.
Rxb7 Bd3 $19) 42... Ra2 43. Bd3 ({Don't play
} 43. Rxb7 Rxb7 44. Rxb7 Rxa5 $11) 43... Bxd3 44. Kxd3 {
[%emt 0:00:04] Endgame KRR-KRR} Rd7 45. Ke3 (
{Reject} 45. Rxb7 Rxb7 46. Rxb7 Rxa5 $11) 45... Kf8 46. f5 ({Much weaker is} 46. Rxb7 Rxb7 47. Rxb7 Rxa5 $11) 46... exf5 {
[%emt 0:00:00] [#]} 47. Rxb7 (47. Rb6 $1 $16) 47... Rxb7 $11 {
[%emt 0:00:00] The position is equal.} 48. Rxb7 Rxa5 $16 {
[%emt 0:00:00] KR-KR} 49. Rd7 Ra3+ 50. Kf4 Rh3 51. Rxd5 Rxh5 52. Rd6 Ke7 53. d5 Rh4+ 54. Kxf5 Rd4 55. Rxh6 {
[%emt 0:00:44] Black must now prevent d6+.} Rxd5 56. Rd6 Rxd6 57. exd6+ Kxd6 58. Kf6 Kd5 59. Kxf7 {[%emt 0:00:04]
Weighted Error Value: White=0.21 (precise) /Black=0.22 (precise)} 1/2-1/2

[Event "44th Chess Olympiad Open 2022"]
[Site "Chennai"]
[Date "2022.08.07"]
[Round "9.4"]
[White "Mastrovasilis, Dimitrios"]
[Black "Caruana, Fabiano"]
[Result "0-1"]
[WhiteElo "2599"]
[BlackElo "2783"]
[Annotator "TA"]
[PlyCount "74"]
[EventDate "2022.??.??"]
[TimeControl "60"]

1. e4 c5 2. Nf3 Nc6 3. d4 cxd4 4. Nxd4 Nf6 5. Nc3 e5 6. Ndb5 d6 7. Bg5 a6 8. Na3 b5 9. Bxf6 gxf6 10. Nd5 f5 11.
Bd3 Be6 12. O-O Bg7 13. Qh5 Rb8 {[%emt 0:00:00] B33: Sicilian:
Pelikan and Sveshnikov Variations.} 14. c3 f4 15. Nc2 O-O {[%emt 0:00:00] White is slightly better.} 16. Ncb4 Nxb4 17. Nxb4 Qb6 {[%emt 0:
00:00] [#] Inhibits Nc6.} 18. Rad1 $146 ({Predecessor:} 18.
Rfd1 Kh8 19. h3 Rg8 20. a4 Bf6 21. Nd5 Bxd5 22. exd5 Rg7 23. axb5 axb5 24. Be4
{½-½ (59) Kurgansky,V (2410)-Timko,V (2434) ICCF email 2010}) 18... a5 19. Nd5 Qd8 20. Bc2 Kh8 21. Rd2 Rg8 $1 22. Rfd1 {[%emt 0:24:00] [#]} Bh6 $1 23. h3 (23. Kh1 Rg6) 23... Rg6 24. Qf3 $2 {[%emt 0:
00:00] Loses the game.} (24. Kf1 $17) 24... Qh4 $19 {[%emt 0:04:30] Black is
clearly winning.} 25. Kf1 {[%emt 0:02:45] [#]} Rxg2 $3 26.
Kxg2 Rg8+ 27. Kf1 Bxh3+ 28. Ke1 Bg2 {[%emt 0:00:00] This bishop pair
is nice.} 29. Rd3 Bxf3 30. Rxf3 Rg2 {[%emt 0:00:00] aiming for ...Qg4.} 31. Ke2 Bg5 {
[%emt 0:03:32] White must now prevent ...Qg4.} 32. Rf1 Qg4 33. Bd1 f5 34. Bc2 Rh2 {[%emt 0:00:50] And now ...Rh3 would win.} 35. exf5 Rh3 36. Be4 Rxf3 37. Bxf3 Qxf5 {[%emt 0:00:00] Weighted Error Value: White=0.87/Black=0.
02 (flawless)} 0-1

[Event "44th Chess Olympiad Open 2022"]
[Site "Chennai"]
[Date "2022.08.07"]
[Round "9.4"]
[White "Mastrovasilis, Athanasios"]
[Black "So, Wesley"]
[Result "0-1"]
[WhiteElo "2527"]
[BlackElo "2773"]
[Annotator "TA"]
[PlyCount "108"]
[EventDate "2022.??.??"]
[TimeControl "60"]

1. d4 Nf6 2. c4 e6 3. Nc3 Bb4 4. e3 O-O 5. Bd3 d5 6. Nge2 dxc4 7. Bxc4 c5 8. O-O cxd4 9. exd4 Nc6 10. a3 Bxc3 11. bxc3 h6 {[%emt 0:05:43] E48:
Nimzo-Indian: Rubinstein: 5 Bd3 d5 including 6 Ne2, but excluding 6 a3.} 12.
Qd3 Na5 13. Ba2 b6 {[%emt 0:
00:00] [#] The position is equal.} 14. Re1 $146 ({Predecessor:
} 14. Bf4 Bb7 15. Ng3 Rc8 16. Rac1 Nd5 17. Bd2 Ne7 {½-½ (17) Farago,I-Savon,
V Cienfuegos 1973}) 14... Bb7 15. Nf4 Re8 16. Bd2 Qd6 17. c4 Ba6 18. d5 exd5 19.
Nxd5 {[%emt 0:04:30][%cal Yd5e7] And now Ne7+! would win.} Rxe1+ 20. Rxe1 {[%emt 0:03:35] [#] Hoping for Ne7+.} Qxd5 21.
Qxd5 Nxd5 22. Bxa5 Nf4 23. Bb4 (23. Bd2 $1 $11
Nd3 24. Re7) 23... Rc8 $15 24. g3 Nd3 25. Re7 Bxc4 26. Bxc4 Rxc4 27. Rxa7 Nxb4 28. axb4 $17 {[%emt 0:01:30] Endgame KR-KR} g5 29. b5 Rb4 30. Rb7 Rxb5 31. Kg2 Kg7 32. Kf3 Rb3+ 33. Ke2 g4 34. Rb8 (34. Rd7 $17 {is a better defense.}) 34... h5 $19 35. Rb7 Rb5 36. Kf1 (
36. Ke3 $17 {might work better.}) 36... Kf6 37. Rc7 Rc5 38. Rb7 b5 {[%emt 0:19:06] White
must now prevent ...Ke6.} 39. Ke2 Rf5 {[%emt 0:01:55] Against
f3. ...Ke6 is the strong threat.} 40. Rb6+ {[%emt 0:00:00] [#]} (40. Ke3 $17)
40... Ke7 $1 41. f4 $2 {[%emt 0:06:42] [#]} (41. Ke3) 41...
gxf3+ $1 42. Kf2 Kd7 43. h3 Kc7 44. Ra6 b4 {[%emt 0:10:
00][%cal Yb5b4,Yb4b3,Yb3b2] aiming for ...b3.} 45. Ra4 Rb5 {
[%emt 0:00:00] ( -> ...b3)} 46. Kxf3 b3 {[%emt 0:00:00] Black
mates.} 47. Ra1 Kb6 48. g4 b2 49. Rb1 hxg4+ 50. Kxg4 Ka5 51. h4 Ka4 52. h5 Kb3 53. h6 Ka2 54. h7 Rb8 {[%emt 0:00:00] Weighted Error
Value: White=0.68/Black=0.05 (flawless)} 0-1

[Event "44th Chess Olympiad Open 2022"]
[Site "Chennai"]
[Date "2022.08.07"]
[Round "9.5"]
[White "Harikrishna, Pentala"]
[Black "Supi, Luis Paulo"]
[Result "1/2-1/2"]
[WhiteElo "2720"]
[BlackElo "2603"]
[Annotator "TA"]
[PlyCount "153"]
[EventDate "2022.??.??"]
[TimeControl "60"]

1. d4 d5 2. c4 e6 3. Nc3 a6 4. cxd5 exd5 5. Bf4 Nf6 6. e3 c5 7. Nf3 Nc6 8. Be2 {[%emt 0:00:27] D32: Tarrasch Defence:
Sidelines and lines without g3.} c4 {[%emt 0:06:56] is cutting edge theory.} 9.
O-O Bb4 10. Bg5 {[%emt 0:00:32] [#] White is
slightly better.} Bxc3 $146 ({Predecessor:} 10... Be6 11. Ne5
Qa5 12. Bxf6 gxf6 13. Nxc6 bxc6 14. Na4 O-O 15. b3 Rab8 16. Qc2 Rfc8 17. bxc4
dxc4 {1-0 (50) Carlsen,M (2855)-Mamedyarov,S (2762) chess24.com INT 2021}) 11.
bxc3 h6 12. Bxf6 Qxf6 13. Nd2 (13. e4 $5 ) 13...
O-O 14. e4 dxe4 15. Nxe4 Qg6 16. Ng3 b5 17. Bh5 Qf6 18. Re1 Rb8 19. Qf3 Qxf3 $1 20. Bxf3 Nd8 21. h4 Nb7 22. Bxb7 Rxb7 23. a3 Rd8 24. Ne4 Kf8 25. Nc5 Rb8 26. Rab1 a5 27. f3 {[%emt 0:07:45] The position is equal.} b4 28.
axb4 axb4 29. Rxb4 Rxb4 30. cxb4 Rxd4 $11 {[%emt 0:00:00] Endgame
KRB-KRN} 31. Re4 Rd1+ 32. Kf2 c3 33. Rc4 Rb1 34. Rxc3 Rxb4 35. Nd3 Rb8 36. Rc7 h5 37. Kg3 Be6 38. Kf4 Rd8 39. Ke3 g6 40. Nf4 Bf5 41. Rc5 Bc8 42. Ra5 Bd7 43. Ne2 Kg7 44. Nd4 Kf6 45. Ra6+ Kg7 46. Rd6 Re8+ 47. Kf4 Bc8 48. Nb5 Re2 49. Kg3 Rb2 50. Nc7 Rc2 51. Ne8+ Kf8 52. Nf6 Bf5 53. Rb6 Kg7 54. Ne8+ Kf8 55. Nd6 Be6 56. Ne4 Kg7 57. Rd6 Bf5 58. Nd2 Ra2 59. Rd4 Ra7 60. Kf4 Bd7 61. Ne4 Rc7 62. Nd6 Ra7 63. Rb4 Ra6 64. Rd4 Ra7 65. g3 Rc7 66. g4 hxg4 67. fxg4 Rc1 68. g5 f6 69. gxf6+ Kxf6 70. Ne4+ Ke7 71. Kg5 Rg1+ 72. Kh6 Bf5 73. Ng5 $1 Rg4 74. Rxg4 Bxg4 75. Kxg6 Bd1 76. h5 Bxh5+ 77.
Kxh5 {[%emt 0:00:00] Weighted Error Value: White=0.05 (flawless) / Black=0.03 
(flawless)} 1/2-1/2

[Event "44th Chess Olympiad Open 2022"]
[Site "Chennai"]
[Date "2022.08.07"]
[Round "9.5"]
[White "Erigaisi Arjun"]
[Black "Mekhitarian, Krikor Sevag"]
[Result "1-0"]
[WhiteElo "2689"]
[BlackElo "2542"]
[Annotator "TA"]
[PlyCount "125"]
[EventDate "2022.??.??"]
[TimeControl "60"]

1. c4 c5 2. Nf3 Nc6 3. d4 cxd4 4. Nxd4 Nf6 5. Nc3 e6 6. g3 Qb6 7. Ndb5 Ne5 {[%emt 0:00:24] ...Bc5 is the
strong threat.} 8. Bf4 {[%emt 0:00:00] A33: Symmetrical English: 2 Nf3 Nf6 3
d4 cxd4 4 Nxd4 e6 5 Nc3 Nc6.} Nfg4 9. e3 {[%emt 0:02:09]
Threatens to win with Be2.} a6 10. Qa4 {[%emt 0:31:23] The
position is equal.} g5 (10... Ra7 $5 11. h3 (
11. Nxa7 $2 Qxb2 12. Be2 Qxc3+ 13. Kf1 Qxa1+ $19) 11... axb5 12. Qxb5 Qc6 13.
hxg4 (13. Qxc6 Nxc6 14. hxg4 e5 $15) 13... Qxh1 14. Bxe5 h5 $15) 11. Bxe5 Nxe5 12. O-O-O $1 Rb8 13. Nd4 {[%emt 0:15:44] [#]} Be7 $146 ({
Predecessor:} 13... Bg7 14. Qc2 O-O 15. g4 Nxg4 16. h4 gxh4 17. Rxh4 f5 18. Be2
Nf6 19. e4 Nxe4 20. Nxe4 Bxd4 21. Rg1+ Kf7 22. c5 Qb4 23. a3 {1-0 (23) Predke,
A (2682)-Vachier Lagrave,M (2761) Berlin 2022}) 14. Be2 Qb4 15. Qc2 Nxc4 16. a3 Nxa3 17. bxa3 Qxa3+ 18. Kd2 d5 (18... O-O $11) 19. Rb1 $1 $16 {
[%emt 0:01:51] And now Nc6 would win.} Bd7 {[%emt 0:12:38] Inhibits Nc6.} 20.
Rb3 $36 {[%emt 0:02:41] White has the initiative.} Qd6 (20...
Qa5 $14) 21. Rhb1 b5 {[%emt 0:00:00] [#]} 22. Bxb5 {0x0.
001eb9b3dc19dp-1022s more active pieces. The black rooks are badly placed.}
axb5 (22... Rxb5 23. Ndxb5) 23. Ncxb5 Bxb5 24. Nxb5 Rxb5 25. Rxb5 O-O 26. Ke2 Bf6 27. f4 h6 28. Rb6 Qd8 29.
Rc6 (29. f5 $16) 29... Bg7 30. Rd1 Qa8 31. Kf3 Qa3 32. Rd3 Qa1 {[%emt 0:00:02] ( -> ...Qf1+)} 33. Kg2 {[%emt 0:00:00] Inhibits Qf1+.}
Ra8 {[%emt 0:01:33] Strongly threatening ...Ra2.} 34. Rd2 Qa3 35. Re2 Rd8 36. f5 exf5 37. Qxf5 Qe7 38. Kf3 (38. Rf2 $142) 38... Qb7 39. Rec2 d4 40. exd4 Rxd4 41. Qc8+ Qxc8 42. Rxc8+ {
[%emt 0:03:17] Endgame KRR-KRB} Kh7 43. R2c7 Kg6 44. Rc6+ Bf6 45. Rg8+ $1 Kh7 46. Ra8 ({But not} 46. Rxf6 $6 Kxg8 47.
Rxh6 Kg7 $11) 46... Be5 47. Ra7 Kg7 48. Rc5 Bb8 49. Rb7 Rd8 50. Rf5 Rf8 51. Rd5 Rc8 52. Rdd7 Rf8 53. Rb6 h5 54. Rb5 {[%emt 0:02:16] Prevents Be5.} g4+ 55. Kg2 Rc8 56. Rxh5 Rc2+ 57. Kf1 Kg6 (57... Rb2 $142 58. Rdd5 f6) 58. Rb5 $1 $18 Bc7 {[%emt 0:
04:21] [#]} 59. Rb4 $1 f5 60. Ra4 ({White has to play} 60. Rb7 $18 Be5 61. Rb6+ Kg5 62. Rb5) 60... Kg5 (60... Rc6 $16 {was necessary.} 61. Ke2 Kf6) 61. Ra6 {[%emt 0:
01:50] aiming for Rg7+.} Be5 {[%emt 0:00:00] Inhibits Rg7+.} 62. Re7 {
Threatening mate with Ree6.} Bd4 $2 {[%emt 0:00:25] [#]} (62... Rc1+ $16 63.
Ke2 Rc5) 63. Ree6 $1 {[%emt 0:01:20] Weighted Error Value: White=0.08 
(flawless) /Black=0.28 (precise)} 1-0

[Event "44th Chess Olympiad Open 2022"]
[Site "Chennai"]
[Date "2022.08.07"]
[Round "9.5"]
[White "Fier, Alexandr"]
[Black "Vidit, Santosh Gujrathi"]
[Result "1/2-1/2"]
[WhiteElo "2567"]
[BlackElo "2714"]
[Annotator "TA"]
[PlyCount "96"]
[EventDate "2022.??.??"]
[TimeControl "60"]

1. e4 e5 2. Nf3 Nc6 3. Bc4 Nf6 4. d3 Bc5 5. O-O d6 6. c3 a5 {[%emt 0:01:46] C54: Giuoco Piano: 4 c3 Nf6, main lines
with 5 d4 and 5 d3.} 7. Re1 Ba7 8. Bb3 O-O 9. h3 {[%emt 0:00:22] [#]} Re8 $146 ({Predecessor:} 9... Ne7 10. d4 Ng6 11. Bc2 c6 12. Nbd2 Nh5 13.
Nf1 Nhf4 14. Be3 exd4 15. cxd4 d5 {1-0 (34) Vidit,S (2727)-Wagner,D (2584)
Chess.com INT 2022}) 10. Bg5 h6 11. Bh4 g5 $1 12. Bg3 Kg7 (12... Nh5 $11 13. Nxe5 Nxg3 14. Bxf7+ Kg7 15. Nxc6 bxc6 16. Bxe8 Qxe8)
13. Nbd2 $14 Bd7 14. Nf1 Ne7 15. d4 Ng6 16. Bc2 Nh5 17. dxe5 (17. Bh2 $14) 17... dxe5
{[%emt 0:06:13] [#]} (17... Nxg3 {feels hotter.} 18. Nxg3 Nxe5 19. Nf5+ Kh7)
18. Bxe5+ $1 Nxe5 19. Nxe5 Rxe5 20. Qxh5 Qf6 21. Qe2 ({But not} 21. Ne3 $2 Bxe3 22. Qe2 (22. Rxe3 $2 g4 $19) 22...
Bc5 $19) 21... Bb5 22. Qf3 Qxf3 23. gxf3 Bxf1 24. Kxf1 Rd8 25. Rad1 Ree8 26. Bb3 Bc5 27. Ke2 c6 {[%emt 0:00:
00] The position is equal.} 28. a4 Kf6 29.
Bc4 Bd6 30. h4 Bc7 31. hxg5+ hxg5 32. b4 axb4 33. cxb4 Rxd1 34.
Rxd1 $11 {[%emt 0:00:03] Endgame KRB-KRB} Rd8 35. Rc1 Bf4 36. Rc2 Ke7 37. b5 cxb5 38. Bxb5 f6 39. Rb2 Be5 40. Rb1 b6 41. Bc4 Rd4 42. Bb5 Kd8 43. Rc1 Bf4 44. Rc2 Rd6 45. Rc4 Be5 46. Kf1 Rd3 47. Kg2 Rc3 48. Rxc3 Bxc3 {[%emt 0:00:02] Weighted Error Value: White=0.06 (flawless) /Black=0.05 
(flawless)} 1/2-1/2